 Dungeon Crawl Stone Soup version 0.29-a0-668-g12ee2bf84d (webtiles) character file.

Game seed: 6792609497044650571

56 Newt the Magician (level 3, -3/25 HPs)
             Began as a Demonspawn Hedge Wizard on June 23, 2022.
             Slain by an ogre
             ... wielding a +0 giant club
              (27 damage)
             ... on level 3 of the Dungeon.
             The game lasted 00:05:54 (1917 turns).

Newt the Magician (Demonspawn Hedge Wizard)         Turns: 1917, Time: 00:05:55

Health: -3/25      AC:  3    Str: 12    XL:     3   Next: 71%
Magic:  3/8        EV: 12    Int: 15    God:
Gold:   44         SH:  0    Dex: 12    Spells: 7/9 levels left

rFire   . . .      SeeInvis .   i - staff of poison
rCold   . . .      Faith    .   (no shield)
rNeg    . . .      Spirit   .   b - +0 robe
rPois   +          Reflect  .   c - +0 hat
rElec   .          Harm     .   (no cloak)
rCorr   .          Rampage  .   (no gloves)
Will    .....                   g - +0 pair of boots
Stlth   ++........              (no amulet)
HPRegen 0.08/turn               (no ring)
MPRegen 0.11/turn               (no ring)

@: no status effects
A: antennae 1, demonic magic 1
a: no special abilities


You were on level 3 of the Dungeon.
You visited 1 branch of the dungeon, and saw 3 of its levels.

You collected 44 gold pieces.

Inventory:

Hand Weapons
 a - a +0 dagger
Armour
 b - a +0 robe (worn)
 c - a +0 hat (worn)
 g - a +0 pair of boots (worn)
Magical Staves
 i - a staff of poison (weapon)
Scrolls
 e - a scroll of fog
 k - 2 scrolls of identify {unknown}
 n - a scroll of blinking {unknown}
Potions
 d - a potion of magic
 f - a potion of degeneration {unknown}
 h - a potion of curing {unknown}
 j - a potion of lignification {unknown}
 l - 2 potions of heal wounds {unknown}
 m - a potion of berserk rage {unknown}
 o - a potion of flight {unknown}
 p - a potion of haste {unknown}
 q - 2 potions of might {unknown}


   Skills:
 * Level 0.9 Fighting
 * Level 1.1 Staves
 + Level 1.9 Dodging
 - Level 1.7 Stealth
 + Level 3.5 Spellcasting
 * Level 1.2 Conjurations
 + Level 1.0 Summonings
 + Level 1.2 Translocations
 * Level 1.0 Poison Magic


You had 7 spell levels left.
You knew the following spells:

 Your Spells              Type           Power      Damage    Failure   Level
a - Magic Dart            Conj           24%        1d4       12%         1
b - Slow                  Hex            8%         N/A       19%         1

Your spell library contained the following spells:

 Spells                   Type           Power      Damage    Failure   Level
 Blink                    Tloc           12%        N/A       17%         2
 Call Imp                 Summ           5%         N/A       19%         2
 Mephitic Cloud           Conj/Pois/Air  7%         N/A       38%         3
 Conjure Flame            Conj/Fire      4%         6-21      41%         3
 Passage of Golubria      Tloc           6%         N/A       75%         4
 Silence                  Hex/Air        1%         N/A       99%         5
 Lehudib's Crystal Spear  Conj/Erth      2%         10d2      100%        8


Dungeon Overview and Level Annotations

Branches:
Dungeon (3/15)

Altars:
Uskayaw


Innate Abilities, Weirdness & Mutations

You have a pair of small antennae on your head.
Spells you cast may paralyse adjacent enemies.


Message History

Casting: Slow (safe; 19% risk of failure)
Confirm with . or Enter, or press ? or * to list all spells.
Aiming: Slow (safe; 19% risk of failure)
Press: ? - help, Shift-Dir - straight line, f/p - ogre
Aim: an ogre, wielding a +0 giant club (chance to affect: 36%)
The ogre easily resists.
Malevolent energies surge around you.
Casting: Slow (safe; 19% risk of failure)
Confirm with . or Enter, or press ? or * to list all spells.
Aiming: Slow (safe; 19% risk of failure)
Press: ? - help, Shift-Dir - straight line, f/p - ogre
Aim: an ogre, wielding a +0 giant club (chance to affect: 36%)
You miscast Slow.
You are very lightly contaminated with residual magic.
Nothing appears to happen.
Casting: Slow (safe; 19% risk of failure)
Confirm with . or Enter, or press ? or * to list all spells.
Aiming: Slow (safe; 19% risk of failure)
Press: ? - help, Shift-Dir - straight line, f/p - ogre
Aim: an ogre, wielding a +0 giant club (chance to affect: 36%)
The ogre seems to slow down.
Malevolent energies surge around you.
The ogre is no longer moving slowly.
Aiming: Magic Dart (safe; 12% risk of failure)
Press: ? - help, Q - select action, (/) - cycle Shift-Dir - straight line, f/p - ogre
Aim: an ogre, wielding a +0 giant club (100% to hit)
The magic dart hits the ogre but does no damage.
Malevolent energies surge around you.
The quokka twitches its whiskers.
Your magical contamination has completely faded away.
Aiming: Magic Dart (safe; 12% risk of failure)
Press: ? - help, Q - select action, (/) - cycle Shift-Dir - straight line, f/p - ogre
Aim: an ogre, wielding a +0 giant club (100% to hit)
The magic dart hits the ogre.
The ogre is lightly wounded.
Malevolent energies surge around you.
The quokka bites you but does no damage.
As you read the scroll labelled VEET JATIY, it crumbles to dust.
The scroll dissolves into smoke.
It was a scroll of fog.
The quokka bites you.
The ogre hits you with a +0 giant club!!
Ouch! That really hurt!
You die...

.#.).......##.................
..............................
##.........##.................
#.........##............$....
#########......#.......#....
##### #......#.............
###...# #......#§§...........
......# #.....§#§§...........
......# #....>§@O............
......# #......§§r............
...<..###.....§##....#........
............... #....#........
.............. #....#.......
#...#......... #....#......
#............ ###### .#.
#............ #...........


You could see an ogre and a quokka.

Vanquished Creatures
  2 adders
  2 dart slugs (D:1)
  2 bats
  5 endoplasms
  A giant cockroach (D:2)
  2 hobgoblins (D:2)
  4 jackals (D:2)
  3 quokkas
  2 ball pythons (D:3)
  A frilled lizard (D:1)
  3 goblins
  2 kobolds (D:2)
  3 rats
32 creatures vanquished.

Notes
Turn   | Place    | Note
-------+----------+-------------------------------------------
     0 | D:1      | Newt the Demonspawn Hedge Wizard began the quest for the
                  | Orb.
     0 | D:1      | Reached XP level 1. HP: 13/13 MP: 4/4
    54 | D:1      | Reached skill level 1 in Translocations
    81 | D:1      | Found a faded altar of an unknown god.
   148 | D:1      | Gained mutation: You have a pair of small antennae on your
                  | head. [demonic ancestry]
   148 | D:1      | Reached XP level 2. HP: 18/20 MP: 6/6
   645 | D:2      | Gained mutation: Spells you cast may paralyse adjacent
                  | enemies. [demonic ancestry]
   645 | D:2      | Reached XP level 3. HP: 15/25 MP: 4/7
   794 | D:2      | Learned a level 1 spell: Slow
   888 | D:2      | Found a hide-covered altar of Uskayaw.
  1634 | D:3      | Reached skill level 1 in Staves
  1634 | D:3      | Reached skill level 1 in Poison Magic
  1904 | D:3      | Noticed an ogre
  1917 | D:3      | Slain by an ogre

Illustrated notes

Levels and vault maps discovered:
D:1:      lightli_arrival_maybe_door_vault, layout_rooms,
          dreamdust_ecumenical_altar_grove, grunt_decor_mini_mirrors,
          chequers_serial_rivers_small_b
D:2:      layout_loops_ring, basic_altar
D:3:      layout_basic

Skill      XL: |  1  2  3 |
---------------+----------+-----
Translocations | 1 |  1.2
Staves         | 1 |  1.1
Poison Magic   | 1 |  1.0
Fighting       | |  0.9
Dodging        | |  1.9
Stealth        | |  1.7
Spellcasting   | |  3.5
Conjurations   | |  1.2
Summonings     | |  1.0

Action                   || total
-------------------------++-------
Melee: Dagger            ||    10
       Staff             ||    79
 Cast: Magic Dart        ||    28
       Slow              ||     3
  Use: Scroll            ||     1
 Stab: Sleeping          ||     4
Armor: Robe              ||    21
Dodge: Dodged            ||    61

Table legend: (Time is in decaauts)
 A = Elapsed time spent in this place.
 B = Non-inter-level travel time spent in this place.
 C = Inter-level travel time spent in this place.
 D = Time resting spent in this place.
 E = Time spent auto-exploring this place.
 F = Levels seen in this place.
 G = Mean time per level.
                   A        B        C        D        E       F      G
               +--------+--------+--------+--------+--------+-----+--------+
         Total |   1930 |   1906 |     24 |    534 |    930 |   3 |  643.3 |
       Dungeon |   1930 |   1906 |     24 |    534 |    930 |   3 |  643.3 |
               +--------+--------+--------+--------+--------+-----+--------+

Top non-repeatable levels by time:
     D:2: 1133 daAuts
     D:1: 506 daAuts
     D:3: 289 daAuts
